 Dungeon Crawl Stone Soup version 0.30-a0-1114-gd936c97349 (webtiles) character file.

Game seed: 12309700616513503760

144 lunkers the Twirler (level 5, -1/41 HPs)
             Began as a Meteoran Wanderer on Apr 20, 2023.
             Was a Believer of Uskayaw.
             Slain by Sigmund
             ... wielding a +0 scythe of flaming
              (7 damage)
             ... on level 4 of the Dungeon.
             The game lasted 00:03:56 (1142 turns).

lunkers the Twirler (Meteoran Wanderer)             Turns: 1142, Time: 00:03:57

Health: -1/41      AC:  4    Str: 14    XL:     5   Next: 82%
Magic:  6/6        EV: 12    Int: 18    God:    Uskayaw [**....]
Gold:   181        SH:  0    Dex: 16    Spells: 4/4 levels left

rFire   . . .      SeeInvis .    a - +2 quarterstaff
rCold   . . .      Faith    .    (shield currently unavailable)
rNeg    . . .      Spirit   .    e - +0 robe
rPois   .          Reflect  .    q - +0 helmet
rElec   .          Rampage  .    f - +0 cloak
rCorr   +                        (no gloves)
Will    .....                    (no boots)
Stlth   +                        (no amulet)
HPRegen 0.26/turn                k - +6 ring of intelligence
MPRegen 0.10/turn                n - ring of resist corrosion

@: glowing
A: sense surroundings 1, otherworldly, glowing, explore regen
a: Renounce Religion, Stomp, Line Pass


You were on level 4 of the Dungeon.
You worshipped Uskayaw.
Uskayaw was noncommittal.
You visited 1 branch of the dungeon, and saw 4 of its levels.

You collected 181 gold pieces.

Inventory:

Hand Weapons
 a - a +2 quarterstaff (weapon)
 b - a +0 spear
 o - a +3 vampiric spear
Armour
 e - a +0 robe (worn)
 f - a +0 cloak (worn)
 q - a +0 helmet (worn)
Jewellery
 k - a +6 ring of intelligence (left hand)
 n - a ring of resist corrosion (right hand)
Wands
 c - a wand of flame (6)
Scrolls
 g - 4 scrolls of identify {unknown}
 j - 2 scrolls of fear {unknown}
Potions
 d - a potion of lignification
 h - a potion of heal wounds {unknown}
 i - a potion of attraction {unknown}
 m - 2 potions of resistance {unknown}


   Skills:
 - Level 2.1 Fighting
 - Level 1.2(4.2) Polearms
 + Level 6.4(6.5) Staves
 - Level 1.2 Dodging
 - Level 1.0 Stealth
 - Level 3.6 Evocations


You had 4 spell levels left.
You didn't know any spells.
Your spell library contained the following spells:

 Spells                   Type           Power      Damage    Failure   Level
 Call Canine Familiar     Summ           0%         N/A       54%         3
 Portal Projectile        Hex/Tloc       0%         N/A       54%         3
 Leda's Liquefaction      Hex/Erth       0%         N/A       91%         4
 Olgreb's Toxic Radiance  Pois           0%         N/A       91%         4
 Discord                  Hex            0%         N/A       100%        8
 Ignition                 Fire           0%         3d3       100%        8


Dungeon Overview and Level Annotations

Branches:
Dungeon (4/15) Zot: 1251
 Temple: D:4-7

Altars:
Nemelex Xobeh
Ru
Uskayaw

Shops:
D:4 *

Annotations:
D:4 Sigmund


Innate Abilities, Weirdness & Mutations

You passively map a small area around you.
You are easily found by Zot.
You glow in the dark.
You regain HP and MP as you explore.


Message History

Found a stone staircase leading down.
There is a stone staircase leading up here.
HP restored.
There is a stone staircase leading down here.
An ogre comes into view. It is wielding a +0 giant club.
The ogre shouts!
You hear a shout!
The ogre moves out of view.
You hear a shout!
Sigmund and a kobold come into view.
Sigmund is wielding a +0 scythe of flaming.
The kobold is wielding a +0 club and quivering poisoned darts.
The kobold throws a poisoned dart.
The poisoned dart barely misses you.
Sigmund mumbles some strange words.
Sigmund flickers and vanishes!
Deactivating autopickup; reactivate with Ctrl-A.
Okay, then.
You hit the ogre but do no damage. The ogre closely misses you.
You hit the ogre.
The ogre is lightly wounded.
The ogre closely misses you.
You hit the ogre.
The ogre is moderately wounded.
Something hits you. Something burns you.
You barely miss the ogre.
The ogre is moderately wounded.
The ogre closely misses you. Something hits you! Something burns you.
You thump the ogre!
The ogre is heavily wounded.
The ogre hits you with a +0 giant club!
* * * LOW HITPOINT WARNING * * *
You can now pass through a line of other dancers.
You thump the ogre!
The ogre is almost dead.
Something hits you!
* * * LOW HITPOINT WARNING * * *
Something burns you.
* * * LOW HITPOINT WARNING * * *
You sock the ogre!
You kill the ogre!
The kobold throws a poisoned dart.
Something hits you!
You die...

* , , #.# , * *
#.# , **, #.# ,
, *, * #.# # , ,
,#.# #. * ,#.# ,
+.. ,,, ,,#.#
..#...########.#
......K{)@.....#
,
......##########
....., ...., * ,
..., ** ## * **
*


You could see a kobold.

Vanquished Creatures
  An ogre (D:4)
  Robin (D:3)
  2 gnolls (D:3)
  6 adders
  A dart slug (D:2)
  An orc (D:3)
  6 ball pythons
  A bat (D:2)
  3 endoplasms
  2 giant cockroaches (D:2)
  10 goblins
  8 hobgoblins
  A quokka (D:2)
  3 frilled lizards
  7 kobolds
  8 rats
61 creatures vanquished.

Vanquished Creatures (others)
  3 plants (D:4)
3 creatures vanquished.

Grand Total: 64 creatures vanquished

Notes
Turn   | Place    | Note
-------+----------+-------------------------------------------
     0 | D:1      | lunkers the Meteoran Wanderer began the quest for the Orb.
     0 | D:1      | lunkers set off with the following items: a +2
                  | quarterstaff, a +0 spear, a wand of flame (6), a potion of
                  | lignification, a +0 robe.
     0 | D:1      | Reached XP level 1. HP: 17/17 MP: 2/2
    50 | D:1      | Reached skill level 3 in Staves
    50 | D:1      | Reached XP level 2. HP: 21/24 MP: 3/3
   128 | D:1      | Found a faded altar of an unknown god.
   146 | D:1      | Prayed at the altar of an unknown god.
   146 | D:1      | Became a worshipper of Uskayaw the Reveller
   146 | D:1      | Reached * piety under Uskayaw
   229 | D:2      | Reached ** piety under Uskayaw
   233 | D:2      | Reached skill level 4 in Staves
   233 | D:2      | Reached XP level 3. HP: 16/29 MP: 4/4
   283 | D:2      | Reached *** piety under Uskayaw
   341 | D:2      | Reached XP level 4. HP: 30/36 MP: 5/5
   353 | D:2      | Found a sacrificial altar of Ru.
   378 | D:2      | Reached skill level 5 in Staves
   547 | D:3      | Found a sparkling altar of Nemelex Xobeh.
   629 | D:3      | Reached XP level 5. HP: 33/41 MP: 6/6
   747 | D:3      | Reached skill level 6 in Staves
   826 | D:3      | Noticed Robin
   837 | D:3      | Killed Robin
  1000 | D:4      | Found Moiryiff's Assorted Antiques.
  1131 | D:4      | Noticed an ogre
  1132 | D:4      | Noticed Sigmund
  1142 | D:4      | Killed an ogre
  1142 | D:4      | Slain by Sigmund

Illustrated notes

Levels and vault maps discovered:
D:1:      lightli_arrival_lavapool, layout_loops_ring,
          hellmonk_ecumenical_altar_prayer_group
D:2:      layout_rooms, basic_altar
D:3:      layout_loops_ring, mainiacjoe_overflow_alcove_1, uniq_robin
D:4:      layout_basic, serial_bayou, serial_bayou_pond_e, serial_bayou_shore_a,
          serial_bayou_ford_a, serial_bayou_pond_a, serial_bayou_pond_e,
          nicolae_stop_n_shop_1, uniq_sigmund

Skill      XL: |  1  2  3  4  5 |
---------------+----------------+-----
Staves         | 3 4 5 6 |  6.4
Fighting       | |  2.1
Polearms       | |  1.2
Dodging        | |  1.2
Stealth        | |  1.0
Evocations     | |  3.6

Action                     |  1- 3 |  4- 6 || total
---------------------------+-------+-------++-------
  Melee: Quarterstaff      |    49 |   103 ||   152
  Evoke: Wand              |       |     5 ||     5
    Use: Scroll            |     2 |       ||     2
   Stab: Paralysed         |     1 |     8 ||     9
 Armour: Robe              |     8 |    15 ||    23
  Dodge: Dodged            |    23 |    43 ||    66

Table legend: (Time is in decaauts)
 A = Elapsed time spent in this place.
 B = Non-inter-level travel time spent in this place.
 C = Inter-level travel time spent in this place.
 D = Time resting spent in this place.
 E = Time spent auto-exploring this place.
 F = Levels seen in this place.
 G = Mean time per level.
                   A        B        C        D        E       F      G
               +--------+--------+--------+--------+--------+-----+--------+
         Total |   1147 |   1118 |     29 |      0 |    604 |   4 |  286.8 |
       Dungeon |   1147 |   1118 |     29 |      0 |    604 |   4 |  286.8 |
               +--------+--------+--------+--------+--------+-----+--------+

Top non-repeatable levels by time:
     D:3: 583 daAuts
     D:2: 275 daAuts
     D:1: 202 daAuts
     D:4: 86 daAuts
